[Event "Titled Tuesday Blitz February 14 Late 2023"]
[White "Dzierzak, Radoslaw"]
[Black "Prieto Aranguren, Alain"]
[WhiteFideId "1161407"]
[BlackFideId "2268906"]
[WhiteElo "2220"]
[BlackElo "2258"]
[Result "0-1"]
[Round "05"]
[TimeControl "180+2"]
[Date "2023.02.14"]
[WhiteClock "0:00:19"]
[BlackClock "0:00:49"]

1. e4 a6 2. d4 c6 3. Bd3 d5 4. e5 Be6 5. Ne2 Qc8 6. Nf4 Bf5 7. e6 Bxe6 8. O-O Bf5 9. c4 Bxd3 10. Qxd3 e6 11. cxd5 cxd5 12. Nc3 Nf6 13. Na4 Nbd7 14. Bd2 Bd6 15. Rac1 Qb8 16. g3 O-O 17. b4 Ne4 18. Nc5 Ndf6 19. Be3 b6 20. Nxa6 Qb7 21. b5 g5 22. Ne2 g4 23. f3 gxf3 24. Rxf3 Rac8 25. Rcf1 Ng4 26. Bf4 Bxf4 27. Rxf4 f5 28. h3 Ngf6 29. Nb4 Qg7 30. Kh2 Qg5 31. Nc6 Rc7 32. Qf3 Nd2 33. Qe3 Nxf1+ 34. Rxf1 Qxe3 0-1


[Site "https://www.chess.com"]

[Event "Titled Tuesday Blitz February 14 Late 2023"]
[White "De Souza, Cristiano Gomes"]
[Black "Mayaud, Raphael"]
[WhiteFideId "2151758"]
[BlackFideId "627151"]
[WhiteElo "2018"]
[BlackElo "2201"]
[Result "0-1"]
[Round "05"]
[TimeControl "180+2"]
[Date "2023.02.14"]
[WhiteClock "0:00:11"]
[BlackClock "0:00:12"]

1. d4 Nf6 2. c4 c5 3. d5 b5 4. cxb5 a6 5. bxa6 g6 6. Nc3 Bg7 7. g3 d6 8. Bg2 Nbd7 9. Nf3 O-O 10. O-O Nb6 11. Qc2 Bxa6 12. Rd1 Bc8 13. e4 Ba6 14. h3 Nfd7 15. b3 Qb8 16. Bb2 Rc8 17. Rac1 Ne5 18. Nxe5 Bxe5 19. Bf1 Bxf1 20. Kxf1 c4 21. b4 Qa7 22. a3 Na4 23. Nxa4 Qxa4 24. Bxe5 dxe5 25. Qc3 Qxa3 26. Qxe5 Qxb4 27. Qd4 Qc5 28. Rc3 Ra4 29. Qxc5 Rxc5 30. Rdc1 f5 31. f3 fxe4 32. fxe4 Kf7 33. Ke2 Kf6 34. Ke3 Ke5 35. R1c2 Rb4 36. Ra2 Rb3 37. Rc2 Rxc3+ 38. Rxc3 g5 39. g4 h6 40. Ra3 c3 41. Kd3 c2 42. Ra2 c1=Q 43. d6 Qd1+ 44. Rd2 Qxd2+ 45. Kxd2 exd6 0-1


[Site "https://www.chess.com"]

[Event "Titled Tuesday Blitz February 14 Late 2023"]
[White "Lorenzo De La Riva, Lazaro"]
[Black "Tarnowska, Aleksandra"]
[WhiteFideId "2268809"]
[BlackFideId "1180967"]
[WhiteElo "2404"]
[BlackElo "1835"]
[Result "1-0"]
[Round "05"]
[TimeControl "180+2"]
[Date "2023.02.14"]
[WhiteClock "0:00:29"]
[BlackClock "0:00:10"]

1. Nc3 d5 2. e4 dxe4 3. Nxe4 Nf6 4. Nxf6+ exf6 5. Bc4 Bd6 6. Qe2+ Qe7 7. Qxe7+ Bxe7 8. Ne2 O-O 9. d4 Bf5 10. c3 c6 11. Ng3 Be6 12. Bd3 Nd7 13. O-O Nb6 14. Nf5 Bd8 15. Re1 Bc7 16. a4 Rfe8 17. Ne3 f5 18. a5 Nd7 19. Bd2 f4 20. Nc4 Nf6 21. Ne5 Nh5 22. a6 bxa6 23. Nxc6 Bd5 24. Nb4 Bb7 25. Bxa6 Bxa6 26. Nxa6 Bd6 27. c4 f3 28. g3 Nf6 29. c5 Bf8 30. Nb4 Ne4 31. Be3 Rab8 32. Nd3 Rb3 33. Ra3 Reb8 34. Rxb3 Rxb3 35. Rd1 Be7 36. Ne5 f5 37. Nxf3 Rxb2 38. Ra1 Rb7 39. Ne5 Rc7 40. Ra3 g6 41. f3 Nf6 42. Bf4 Nd5 43. Ra6 Nxf4 44. gxf4 Bf6 45. Kf2 Kg7 46. Ke3 h6 47. Kd3 Rb7 48. Kc4 Rb1 49. Rxa7+ Kg8 50. Nxg6 Rc1+ 51. Kd5 Rd1 52. Ra4 Re1 53. Ne5 Bd8 54. Ke6 Rb1 55. d5 Bh4 56. c6 Rb8 57. c7 Re8+ 58. Kd7 Re7+ 59. Kc6 Rxc7+ 60. Kxc7 Kg7 61. d6 Bf6 62. d7 h5 63. d8=Q Bxd8+ 64. Kxd8 h4 65. Ra6 h3 66. Rg6+ Kh7 67. Rg5 Kh6 68. Ke7 Kh7 69. Kf7 Kh6 70. Rg3 Kh5 71. Rxh3# 1-0


[Site "https://www.chess.com"]

[Event "Titled Tuesday Blitz February 14 Late 2023"]
[White "Meunier-Pion, Jean"]
[Black "Minina, Veronika"]
[WhiteFideId "20685327"]
[BlackFideId "4174780"]
[WhiteElo "2215"]
[BlackElo "2057"]
[Result "1-0"]
[Round "05"]
[TimeControl "180+2"]
[Date "2023.02.14"]
[WhiteClock "0:00:43"]
[BlackClock "0:00:20"]

1. e4 c5 2. Nf3 Nc6 3. Bb5 e6 4. O-O Nge7 5. Re1 a6 6. Bf1 b5 7. c3 d6 8. d4 cxd4 9. cxd4 Bb7 10. d5 exd5 11. exd5 Nb4 12. Nc3 Qa5 13. a3 O-O-O 14. Rxe7 Bxe7 15. Be3 Kb8 16. Qd4 Nc2 17. Qa7+ Kc7 18. Nxb5+ Kd7 19. Qxb7+ Ke8 20. Bb6 Qa4 21. Bxd8 Bxd8 22. Nxd6+ Kf8 23. Qxf7# 1-0


[Site "https://www.chess.com"]

[Event "Titled Tuesday Blitz February 14 Late 2023"]
[White "Gatterer, Florian"]
[Black "ritanovikova"]
[WhiteFideId "811688"]
[WhiteElo "2170"]
[BlackElo "2189"]
[Result "1/2-1/2"]
[Round "05"]
[TimeControl "180+2"]
[Date "2023.02.14"]
[WhiteClock "0:02:27"]
[BlackClock "0:02:12"]

1. e4 d5 2. exd5 Qxd5 3. Nc3 Qd6 4. d4 Nf6 5. Nf3 a6 6. a4 Bg4 7. Be2 Nc6 8. Be3 O-O-O 9. O-O Bxf3 10. Bxf3 Nxd4 11. Bxd4 Qxd4 12. Qe2 Qd2 13. Qe5 1/2-1/2


[Site "https://www.chess.com"]

[Event "Titled Tuesday Blitz February 14 Late 2023"]
[White "Marin Masis, Jose Esteban"]
[Black "Gutkin, Ilya"]
[WhiteFideId "6508146"]
[BlackFideId "16203470"]
[WhiteElo "1938"]
[BlackElo "2273"]
[Result "0-1"]
[Round "05"]
[TimeControl "180+2"]
[Date "2023.02.14"]
[WhiteClock "0:00:08"]
[BlackClock "0:00:32"]

1. e4 e5 2. Nf3 Nc6 3. Bb5 Nf6 4. d3 Bc5 5. O-O d6 6. h3 h6 7. Be3 Bb6 8. Nbd2 O-O 9. Nc4 Ne7 10. Nxb6 axb6 11. Re1 Ng6 12. Qd2 Nh5 13. d4 Qe7 14. Bxh6 gxh6 15. Qxh6 Nf6 16. Bc4 Be6 17. d5 Bd7 18. Ng5 Rfd8 19. Re3 Qf8 20. Nxf7 Kxf7 21. Qg5 Nf4 22. Rf3 Qg7 23. Qxg7+ Kxg7 24. Kh2 Nxe4 25. Re3 Nf6 26. g4 N6xd5 27. Rd1 Nxe3 28. fxe3 Ne6 0-1


[Site "https://www.chess.com"]

[Event "Titled Tuesday Blitz February 14 Late 2023"]
[White "Bouget, Alexandre"]
[Black "Souza, Gustavo Horokoski De"]
[WhiteFideId "681318"]
[BlackFideId "2146584"]
[WhiteElo "2267"]
[BlackElo "1943"]
[Result "1-0"]
[Round "05"]
[TimeControl "180+2"]
[Date "2023.02.14"]
[WhiteClock "0:00:04"]
[BlackClock "0:00:01"]

1. d4 Nf6 2. c4 c5 3. d5 e6 4. Nc3 exd5 5. cxd5 d6 6. e4 g6 7. f4 Bg7 8. e5 Bg4 9. Qb3 Qe7 10. Nb5 dxe5 11. d6 Qd7 12. Nc7+ Kf8 13. fxe5 Nh5 14. Qxb7 Bxe5 15. Bh6+ Bg7 16. Bb5 Qf5 17. Qxa8 Bxh6 18. Qxb8+ Kg7 19. Ne8+ Rxe8+ 20. Qxe8 Nf6 21. d7 Qc2 22. Be2 Qd2+ 23. Kf1 Bxd7 24. Qe5 Bf4 25. Qc3 Qd5 26. Rd1 Qe6 27. Nf3 Bc6 28. Bc4 Qg4 29. Kf2 Bg5 30. Rhg1 1-0


[Site "https://www.chess.com"]

[Event "Titled Tuesday Blitz February 14 Late 2023"]
[White "Delorme, Alban"]
[Black "Figorito, Nick"]
[WhiteFideId "623636"]
[BlackFideId "30923689"]
[WhiteElo "2298"]
[BlackElo "2036"]
[Result "1-0"]
[Round "05"]
[TimeControl "180+2"]
[Date "2023.02.14"]
[WhiteClock "0:00:03"]
[BlackClock "0:00:04"]

1. e4 e6 2. d4 d5 3. Nc3 Bb4 4. e5 c5 5. a3 Bxc3+ 6. bxc3 Ne7 7. h4 Qa5 8. Bd2 Qa4 9. Qb1 a6 10. h5 h6 11. Nf3 Nbc6 12. Be3 Qa5 13. Bd2 Qa4 14. Be3 Nf5 15. Qb3 Qa5 16. Bd2 Qc7 17. g4 Nfe7 18. Be2 Na5 19. Qb2 Nc4 20. Qc1 b5 21. a4 Bb7 22. Be3 cxd4 23. cxd4 Qa5+ 24. Nd2 Nxe3 25. fxe3 bxa4 26. Kf2 Bc6 27. c4 dxc4 28. Nxc4 Qd8 29. Nd6+ Kf8 30. Rf1 Be8 31. Kg1 Kg8 32. Bf3 Nd5 33. Bxd5 exd5 34. Ra2 Qg5 35. Rg2 a3 36. Qc7 Qxe3+ 37. Kh2 Qd3 38. Nxe8 Qxf1 39. Nd6 Qf4+ 40. Kh3 Rf8 41. Qa5 Qf3+ 42. Rg3 Qf1+ 43. Kh2 Qf2+ 44. Rg2 Qf4+ 45. Kh3 Qxd4 46. Qxa3 Qxe5 47. Nf5 Qf4 48. Ne7+ Kh7 49. Qd3+ f5 50. gxf5 Re8 51. f6+ g6 52. Qxg6# 1-0


[Site "https://www.chess.com"]

[Event "Titled Tuesday Blitz February 14 Late 2023"]
[White "Haszon, David"]
[Black "Levine, David"]
[WhiteFideId "733610"]
[BlackFideId "2011611"]
[WhiteElo "2264"]
[BlackElo "2040"]
[Result "1-0"]
[Round "05"]
[TimeControl "180+2"]
[Date "2023.02.14"]
[WhiteClock "0:00:39"]
[BlackClock "0:00:01"]

1. d4 d5 2. Bf4 Nf6 3. e3 c5 4. Nd2 cxd4 5. exd4 Nc6 6. c3 Qb6 7. Qb3 Bf5 8. Ngf3 e6 9. Nh4 Bg4 10. h3 Bh5 11. g4 Bg6 12. Nxg6 hxg6 13. Bg2 Be7 14. O-O O-O 15. Rfe1 Rfc8 16. Nf3 Ne8 17. Ne5 Nxe5 18. Bxe5 Qc6 19. Bg3 Nd6 20. Bxd5 exd5 21. Rxe7 b6 22. Rae1 Nc4 23. R1e2 g5 24. Qc2 Qf6 25. Qf5 Qxf5 26. gxf5 f6 27. Rd7 Rd8 28. Ree7 Rxd7 29. Rxd7 Nxb2 30. Rxd5 Rc8 31. Rd7 a5 32. Rb7 Na4 33. d5 Nxc3 34. d6 Rd8 35. Rxb6 Ne4 36. Ra6 a4 37. Kg2 Kf7 38. Ra7+ Kf8 39. Ra6 Kf7 40. Kf3 Nd2+ 41. Ke2 Nc4 42. Kd3 Ne5+ 43. Bxe5 fxe5 44. Ke4 Kf6 45. d7+ Ke7 46. Ra7 1-0


[Site "https://www.chess.com"]

[Event "Titled Tuesday Blitz February 14 Late 2023"]
[White "Djordjevic, Dejan N"]
[Black "Miszler, Levente"]
[WhiteFideId "913316"]
[BlackFideId "763276"]
[WhiteElo "2167"]
[BlackElo "2271"]
[Result "0-1"]
[Round "05"]
[TimeControl "180+2"]
[Date "2023.02.14"]
[WhiteClock "0:00:01"]
[BlackClock "0:00:39"]

1. e4 c6 2. d4 d5 3. Nd2 dxe4 4. Nxe4 Nf6 5. Ng5 h6 6. N5f3 Bg4 7. Bd3 e6 8. h3 Bxf3 9. Nxf3 Bd6 10. O-O Nbd7 11. c3 O-O 12. Re1 Re8 13. Bc2 Qc7 14. b3 e5 15. Bb2 Rad8 16. c4 exd4 17. Nxd4 Ne5 18. Qe2 Neg4 19. Qf3 Ne5 20. Qf5 Bc5 21. Red1 b6 22. a3 Ng6 23. Rd2 Nh4 24. Qd3 Bxd4 25. Bxd4 c5 26. Qg3 Qxg3 27. fxg3 Nxg2 28. Kxg2 Rxd4 29. Rxd4 cxd4 30. Kf2 Ne4+ 31. Kf3 Nc3 32. Rc1 Re3+ 33. Kg2 Re2+ 34. Kf3 Rd2 0-1


[Site "https://www.chess.com"]

[Event "Titled Tuesday Blitz February 14 Late 2023"]
[White "Rose, Felix"]
[Black "Rodrigues, Tiago Pereira"]
[WhiteFideId "5105722"]
[BlackFideId "2101203"]
[WhiteElo "2091"]
[BlackElo "2155"]
[Result "0-1"]
[Round "05"]
[TimeControl "180+2"]
[Date "2023.02.14"]
[WhiteClock "0:00:21"]
[BlackClock "0:00:08"]

1. e4 c5 2. Nf3 a6 3. Nc3 d6 4. d4 cxd4 5. Nxd4 Nf6 6. Be3 g6 7. f3 h5 8. Qd2 e5 9. Nb3 Be6 10. O-O-O Nbd7 11. Kb1 Rc8 12. h4 b5 13. Nd5 Nxd5 14. exd5 Bf5 15. Bd3 Bxd3 16. Qxd3 Be7 17. g3 Qc7 18. Rc1 Qc4 19. Qd2 Nf6 20. Rhd1 O-O 21. Na5 Qc7 22. g4 hxg4 23. h5 Nxh5 24. fxg4 Nf4 25. Bxf4 exf4 26. Qxf4 Rfe8 27. Nc6 Bf8 28. Rh1 Bg7 29. Qh2 Qd7 30. Qh7+ Kf8 31. Rhf1 Rxc6 32. dxc6 Qxg4 33. Rxf7+ Kxf7 34. Rf1+ Ke6 35. Qxg7 Kd5 36. c7 Kc6 37. a3 Rc8 38. Rf7 Qd1+ 39. Ka2 Qxc2 40. Ka1 Kb7 41. Qd4 Qc1+ 42. Ka2 Qc4+ 43. Qxc4 bxc4 44. Rg7 Rxc7 45. Rxg6 Kc6 46. Kb1 Rb7 47. Kc2 Kc5 48. Rg5+ d5 49. Rg6 a5 50. Ra6 Kb5 51. Rd6 Kc5 52. Ra6 Rb5 53. Rh6 Rb6 54. Rh5 Rf6 55. Rh2 a4 56. Rg2 Rf3 57. Rh2 Rd3 58. Rg2 Rd4 59. Rh2 Rg4 60. Rf2 Re4 61. Rg2 Kd4 62. Rd2+ Ke5 63. Rh2 Kd6 64. Rg2 Re5 65. Rf2 d4 66. Rf6+ Kc5 67. Ra6 Kb5 68. Ra8 Re2+ 69. Kc1 Rg2 70. Rc8 Rh2 71. Rc7 Rh1+ 72. Kc2 Rh2+ 73. Kc1 Rh5 74. Rc8 Rc5 75. Ra8 Rc6 76. Rd8 Kc5 77. Ra8 Kb5 78. Rd8 d3 79. Rd5+ Rc5 80. Rd8 Rh5 81. Rb8+ Kc5 82. Rc8+ Kd4 83. Rd8+ Rd5 84. Rc8 Rc5 85. Rd8+ Ke3 86. Re8+ Kf4 87. Kd2 Re5 88. Rf8+ Ke4 89. Rc8 Kd4 90. Rd8+ Kc5 91. Rc8+ Kd5 92. Rd8+ Ke4 93. Rc8 Kd4 94. Rd8+ Rd5 95. Ra8 Rb5 96. Rd8+ Ke4 97. Re8+ Kf5 98. Kc1 Rc5 99. Rd8 Ke5 100. Re8+ Kd4 101. Rd8+ Rd5 102. Ra8 c3 103. Ra5 cxb2+ 104. Kxb2 Rxa5 0-1


[Site "https://www.chess.com"]

[Event "Titled Tuesday Blitz February 14 Late 2023"]
[White "Manu_ChessExcelsior"]
[Black "Estrada Nieto, Julian"]
[BlackFideId "5101018"]
[WhiteElo "1985"]
[BlackElo "2215"]
[Result "1-0"]
[Round "05"]
[TimeControl "180+2"]
[Date "2023.02.14"]
[WhiteClock "0:00:23"]
[BlackClock "0:00:07"]

1. e4 e5 2. Nf3 Nc6 3. Nc3 Nf6 4. h3 Bb4 5. Nd5 Bc5 6. d3 h6 7. Be2 d6 8. O-O a6 9. c3 Ba7 10. Kh1 O-O 11. Nh2 Nxd5 12. exd5 Ne7 13. Qb3 Rb8 14. Be3 Bxe3 15. fxe3 Bd7 16. Rf2 Nf5 17. e4 Ng3+ 18. Kg1 Nxe2+ 19. Rxe2 f5 20. d4 fxe4 21. dxe5 dxe5 22. Rxe4 Kh8 23. Rae1 Qf6 24. Rf1 Qg6 25. Re3 Rxf1+ 26. Nxf1 Qg5 27. c4 Rf8 28. Qc3 Qf4 29. Rf3 b6 30. Rxf4 exf4 31. Nd2 Re8 32. Nf3 Kh7 33. Kf2 Bf5 34. Ne5 Be4 35. Qd4 Bb1 36. a3 Rf8 37. b4 Kh8 38. c5 Bh7 39. d6 bxc5 40. bxc5 cxd6 41. cxd6 Bf5 42. d7 Bxd7 43. Qxd7 Rb8 44. Qf7 Rb2+ 45. Kf3 Rb8 46. Kxf4 Rc8 47. Kf5 Rb8 48. Ng6+ Kh7 49. Ne7 Rb5+ 50. Nd5 Ra5 51. Ke6 Ra4 52. Nf6+ 1-0


[Site "https://www.chess.com"]

[Event "Titled Tuesday Blitz February 14 Late 2023"]
[White "Melikhov, Evgeny V."]
[Black "Georg, Heinz"]
[WhiteFideId "4122046"]
[BlackFideId "4607295"]
[WhiteElo "2269"]
[BlackElo "2107"]
[Result "1/2-1/2"]
[Round "05"]
[TimeControl "180+2"]
[Date "2023.02.14"]
[WhiteClock "0:00:28"]
[BlackClock "0:00:41"]

1. d4 f5 2. e4 fxe4 3. Nc3 Nf6 4. Bg5 Nc6 5. d5 Ne5 6. Qe2 c6 7. Bxf6 gxf6 8. Qxe4 e6 9. dxe6 dxe6 10. Nf3 Nxf3+ 11. Qxf3 Qe7 12. O-O-O f5 13. Qh5+ Qf7 14. Rd8+ Ke7 15. Qh4+ Qf6 16. Qxf6+ Kxf6 17. f4 Ke7 18. Rd1 Bh6 19. g3 e5 20. Kb1 e4 21. g4 Bxf4 22. gxf5 Bxf5 23. Nxe4 Rad8 24. Bd3 Bxe4 25. Bxe4 Rxd1+ 26. Rxd1 Bxh2 27. Rh1 Be5 28. Rxh7+ Rxh7 29. Bxh7 Kd6 30. c3 a5 31. Kc2 b5 32. b4 axb4 33. cxb4 c5 34. bxc5+ Kxc5 35. Kb3 b4 36. a3 bxa3 37. Kxa3 1/2-1/2


[Site "https://www.chess.com"]

[Event "Titled Tuesday Blitz February 14 Late 2023"]
[White "Aguilar, Juan"]
[Black "Clawitter, Craig"]
[WhiteFideId "3800091"]
[BlackFideId "2023105"]
[WhiteElo "2254"]
[BlackElo "2050"]
[Result "1-0"]
[Round "05"]
[TimeControl "180+2"]
[Date "2023.02.14"]
[WhiteClock "0:00:14"]
[BlackClock "0:00:04"]

1. c4 e6 2. Nf3 d5 3. d4 Nf6 4. g3 Be7 5. Bg2 O-O 6. O-O dxc4 7. Qc2 a6 8. a4 Bd7 9. Qxc4 Bc6 10. Bf4 a5 11. Nc3 Na6 12. Rfd1 Nb4 13. Rac1 Rc8 14. Ne5 Bxg2 15. Kxg2 Nfd5 16. Bd2 Nb6 17. Qb3 Qxd4 18. Bf4 Qc5 19. Nb5 Nc2 20. Rxc2 Qb4 21. Qxb4 Bxb4 22. b3 c6 23. Nc3 Rfd8 24. Rxd8+ Rxd8 25. Ne4 f6 26. Nd3 e5 27. Be3 Nd5 28. Bc5 Kf7 29. Nd6+ Rxd6 30. Bxd6 Bxd6 31. e4 Nb4 32. Nxb4 Bxb4 33. f4 exf4 34. gxf4 g5 35. fxg5 fxg5 36. Kf3 h5 37. h3 Ke6 38. Rg2 Be7 39. Ke3 Ke5 40. Kd3 b5 41. Rf2 Ke6 42. Rf5 bxa4 43. bxa4 c5 44. Kc4 h4 45. Kb5 1-0


[Site "https://www.chess.com"]

[Event "Titled Tuesday Blitz February 14 Late 2023"]
[White "Stanisz, Patryk"]
[Black "Li, Hui"]
[WhiteFideId "1123106"]
[BlackFideId "15400310"]
[WhiteElo "2161"]
[BlackElo "1963"]
[Result "1-0"]
[Round "05"]
[TimeControl "180+2"]
[Date "2023.02.14"]
[WhiteClock "0:00:21"]
[BlackClock "0:00:01"]

1. d4 d5 2. c4 e6 3. Nc3 Nf6 4. Nf3 Be7 5. Bf4 O-O 6. e3 c5 7. dxc5 Bxc5 8. Qc2 Nc6 9. a3 Qa5 10. Nd2 Be7 11. Nb3 Qd8 12. Rd1 e5 13. Bg5 d4 14. Bxf6 Bxf6 15. Nd5 Be6 16. Bd3 g6 17. Nxf6+ Qxf6 18. exd4 Nxd4 19. Nxd4 exd4 20. O-O Rac8 21. b4 Bxc4 22. Bxc4 b5 23. Bxf7+ Qxf7 24. Qe4 Rfd8 25. Rxd4 Rxd4 26. Qxd4 a6 27. h3 Qc4 28. Qd7 Qc6 29. Qd4 Qc4 30. Qd6 Qc6 31. Rd1 Qxd6 32. Rxd6 Ra8 33. Rd7 a5 34. Rb7 axb4 35. axb4 Ra1+ 36. Kh2 Ra2 37. Kg3 Ra3+ 38. f3 Rb3 39. Rxb5 Kg7 40. Rb7+ Kg8 41. Kf4 Rb2 42. g3 h6 43. b5 Rb4+ 44. Ke5 Rb3 45. Rb8+ Kg7 46. Rb7+ Kg8 47. f4 Rxg3 48. Kf6 g5 49. f5 g4 50. h4 Rc3 51. Kg6 Kf8 52. Rb8+ Ke7 53. f6+ Ke6 54. f7 Rf3 55. Re8+ Kd7 56. f8=Q Rxf8 57. Rxf8 g3 58. Rf1 Kc7 59. Rg1 Kb6 60. Rxg3 Kxb5 61. Kxh6 1-0


[Site "https://www.chess.com"]

[Event "Titled Tuesday Blitz February 14 Late 2023"]
[White "Alfaro, William"]
[Black "Oliveira, Tiago Batista"]
[WhiteFideId "6100457"]
[BlackFideId "2108291"]
[WhiteElo "2134"]
[BlackElo "1991"]
[Result "1-0"]
[Round "05"]
[TimeControl "180+2"]
[Date "2023.02.14"]
[WhiteClock "0:00:17"]
[BlackClock "0:00:01"]

1. e4 c5 2. Nf3 Nc6 3. d4 cxd4 4. Nxd4 Nf6 5. Nc3 d6 6. Bc4 e6 7. Be3 Be7 8. Qe2 O-O 9. O-O-O Qa5 10. Bb3 Bd7 11. g4 Rfc8 12. g5 Ne8 13. Rhg1 Nxd4 14. Rxd4 b5 15. Rg3 b4 16. Nd1 Ba4 17. Qh5 Bxb3 18. axb3 Rc5 19. Rf3 g6 20. Qg4 Ng7 21. Qf4 Rf8 22. Rd3 Bxg5 23. Qxd6 Bxe3+ 24. Nxe3 Qc7 25. Nc4 Rc8 26. Qxc7 R5xc7 27. Kd1 Nh5 28. Rd6 Kg7 29. h4 Nf6 30. Re3 Rd7 31. Rxd7 Nxd7 32. e5 Nc5 33. Nd6 Rd8 34. f4 Nb7 35. Rd3 Nxd6 36. Rxd6 Rxd6+ 37. exd6 Kf8 38. c4 bxc3 39. bxc3 Ke8 40. c4 Kd7 41. c5 f6 42. Ke2 h6 43. Kf3 g5 44. hxg5 fxg5 45. fxg5 hxg5 46. b4 a6 47. Kg4 1-0


[Site "https://www.chess.com"]

[Event "Titled Tuesday Blitz February 14 Late 2023"]
[White "Davalos Prieto, Abel Justo"]
[Black "Golubev, Mikhail"]
[WhiteFideId "5102766"]
[BlackFideId "14100983"]
[WhiteElo "2029"]
[BlackElo "2461"]
[Result "0-1"]
[Round "05"]
[TimeControl "180+2"]
[Date "2023.02.14"]
[WhiteClock "0:01:48"]
[BlackClock "0:01:21"]

1. c4 g6 2. Nc3 Bg7 3. e4 e5 4. Nf3 Nc6 5. d3 d6 6. Be2 f5 7. O-O f4 8. a3 g5 9. b4 g4 10. Ne1 h5 11. f3 Qh4 12. Nc2 g3 13. h3 Bxh3 14. gxh3 Qxh3 15. Rf2 gxf2+ 16. Kxf2 Qg3+ 17. Kf1 h4 18. Qe1 h3 19. Qxg3 fxg3 20. Kg1 h2+ 21. Kh1 g2+ 0-1


[Site "https://www.chess.com"]

[Event "Titled Tuesday Blitz February 14 Late 2023"]
[White "Wang, Alexander J"]
[Black "Rian, Kapriaga"]
[WhiteFideId "30955270"]
[BlackFideId "7103263"]
[WhiteElo "1815"]
[BlackElo "2089"]
[Result "1-0"]
[Round "05"]
[TimeControl "180+2"]
[Date "2023.02.14"]
[WhiteClock "0:00:36"]
[BlackClock "0:00:06"]

1. e4 c6 2. d4 d5 3. f3 e6 4. Nc3 Bb4 5. Ne2 Ne7 6. a3 Ba5 7. g3 O-O 8. Bg2 f5 9. e5 Bc7 10. f4 b6 11. Be3 Nd7 12. b4 a5 13. O-O Ba6 14. h3 Bc4 15. Rb1 axb4 16. axb4 Ra3 17. Qd2 Qa8 18. Rfc1 Qa7 19. Bf2 Ra8 20. Nd1 Bxe2 21. Qxe2 b5 22. Qd2 Nb6 23. Ne3 Ra2 24. g4 Nec8 25. gxf5 exf5 26. Qd3 g6 27. h4 Bd8 28. h5 Ra3 29. Qe2 Nc4 30. Nxc4 bxc4 31. hxg6 hxg6 32. Kh2 Qh7+ 33. Kg1 Bh4 34. b5 cxb5 35. Bxd5+ Kf8 36. Bxa8 Rxa8 37. d5 Bxf2+ 38. Qxf2 Qh5 39. d6 Qg4+ 40. Kf1 Ra3 41. d7 Qh3+ 42. Ke2 Qg4+ 43. Kd2 c3+ 44. Ke1 Ra4 45. dxc8=Q+ Kf7 46. Qd7+ Kf8 47. Qc5+ Kg8 48. Qcc8# 1-0


[Site "https://www.chess.com"]

[Event "Titled Tuesday Blitz February 14 Late 2023"]
[White "Sarkar, Justin"]
[Black "mestrefeitosa19"]
[WhiteFideId "2010011"]
[WhiteElo "2309"]
[BlackElo "2187"]
[Result "1-0"]
[Round "05"]
[TimeControl "180+2"]
[Date "2023.02.14"]
[WhiteClock "0:00:13"]
[BlackClock "0:00:04"]

1. d4 d5 2. c4 e6 3. Nc3 Nf6 4. Bg5 Be7 5. e3 O-O 6. Nf3 a6 7. Rc1 dxc4 8. Bxc4 b5 9. Bd3 Bb7 10. Qc2 h6 11. Bxf6 Bxf6 12. Bh7+ Kh8 13. Be4 Bd5 14. Nxd5 exd5 15. Bd3 c6 16. O-O Qd6 17. Nd2 Rc8 18. Nb3 a5 19. Nc5 Nd7 20. Nxd7 Qxd7 21. Bf5 Qd6 22. Bxc8 Rxc8 23. Qc5 Qe6 24. Qb6 a4 25. Rc2 Bd8 26. Qb7 Be7 27. Rfc1 c5 28. dxc5 Rc6 29. Qxb5 a3 30. bxa3 Bf6 31. a4 h5 32. a5 h4 33. h3 Be5 34. a6 Rxa6 35. c6 Ra8 36. c7 Rc8 37. Rc6 Qf5 38. a4 g5 39. a5 g4 40. hxg4 Qxg4 41. Qxd5 f6 42. a6 h3 43. Qf3 Qxf3 44. gxf3 Rg8+ 45. Kh1 Rg2 46. c8=Q+ Kh7 1-0


[Site "https://www.chess.com"]

[Event "Titled Tuesday Blitz February 14 Late 2023"]
[White "Skaric, Djuro"]
[Black "Sailer, Mike"]
[WhiteFideId "934569"]
[BlackFideId "2012901"]
[WhiteElo "2334"]
[BlackElo "2109"]
[Result "1-0"]
[Round "05"]
[TimeControl "180+2"]
[Date "2023.02.14"]
[WhiteClock "0:01:36"]
[BlackClock "0:00:08"]

1. g3 d5 2. Bg2 Nf6 3. d3 Bf5 4. Nf3 e6 5. O-O Be7 6. Nc3 O-O 7. h3 h6 8. Ne5 Nbd7 9. Nxd7 Qxd7 10. e4 Bh7 11. f4 dxe4 12. dxe4 Bc5+ 13. Kh2 Qe7 14. Qe2 Rad8 15. a3 a6 16. g4 Bd4 17. Nd1 c6 18. Nf2 Bxf2 19. Rxf2 Rd7 20. Bd2 Rfd8 21. Bc3 Ne8 22. Rg1 Qc5 23. Bf3 f6 24. h4 e5 25. f5 Nc7 26. a4 b5 27. a5 b4 28. Be1 Nb5 29. Rfg2 Nd4 30. Qf2 Nxf3+ 31. Qxf3 Qc4 32. g5 hxg5 33. hxg5 fxg5 34. Rxg5 Qxc2+ 35. R1g2 Qc1 36. Bxb4 Qf4+ 37. Qxf4 exf4 38. Bc3 Rd3 39. Rxg7+ Kf8 40. Rxh7 1-0


[Site "https://www.chess.com"]

[Event "Titled Tuesday Blitz February 14 Late 2023"]
[White "Marcolino, Daniel Mattos"]
[Black "Jimenez Jimenez, Leandro"]
[WhiteFideId "2106841"]
[BlackFideId "6415253"]
[WhiteElo "2006"]
[BlackElo "2146"]
[Result "0-1"]
[Round "05"]
[TimeControl "180+2"]
[Date "2023.02.14"]
[WhiteClock "0:00:38"]
[BlackClock "0:00:09"]

1. d4 d5 2. Nf3 Nf6 3. g3 e6 4. Bg2 Be7 5. O-O O-O 6. c4 Nbd7 7. Qc2 b6 8. Nbd2 Bb7 9. e4 dxe4 10. Ng5 c5 11. dxc5 Nxc5 12. Ndxe4 Ncxe4 13. Nxe4 Bxe4 14. Bxe4 Nxe4 15. Qxe4 Bf6 16. Rb1 Qe7 17. b3 Rfd8 18. Bf4 Qa3 19. Qe2 Rd4 20. Be3 Rd7 21. Rfd1 Rad8 22. Rxd7 Rxd7 23. Rd1 Rxd1+ 24. Qxd1 Qxa2 25. Qd7 Qa3 26. Qb7 h6 27. Qa8+ Kh7 28. Bxb6 Qa1+ 29. Kg2 axb6 30. Qb7 Bd4 31. Qxf7 Qb2 32. h4 Qc2 33. h5 Qf5 34. Qd7 Qxf2+ 35. Kh3 Qf5+ 36. Kg2 Bc5 37. Qe8 e5 0-1


[Site "https://www.chess.com"]

[Event "Titled Tuesday Blitz February 14 Late 2023"]
[White "Jesusesmifuerza"]
[Black "Abdi, Farzad"]
[BlackFideId "2076829"]
[WhiteElo "2001"]
[BlackElo "2068"]
[Result "0-1"]
[Round "05"]
[TimeControl "180+2"]
[Date "2023.02.14"]
[WhiteClock "0:00:01"]
[BlackClock "0:00:17"]

1. d4 d5 2. Nc3 Bf5 3. f3 Nf6 4. g4 Bg6 5. g5 Nfd7 6. e4 dxe4 7. fxe4 e5 8. d5 Bc5 9. Bg2 Bd4 10. Nge2 c5 11. Bd2 Na6 12. Nb5 O-O 13. c3 Qb6 14. a4 Bh5 15. cxd4 cxd4 16. Qb1 Rac8 17. Ng3 d3 18. Qxd3 Nac5 19. Qa3 Bg6 20. O-O Nb3+ 21. Kh1 Nxd2 22. Rfd1 Nc4 23. Qc3 Nd6 24. Qd3 Nxb5 25. Qxb5 Qxb5 26. axb5 Nb6 27. Rxa7 Nc4 28. Rxb7 Ne3 29. Rg1 Rc2 30. Bh3 Rxb2 31. b6 Nc4 32. Nf5 Bxf5 33. Bxf5 Nxb6 34. Rc1 g6 35. Rcc7 gxf5 36. Rc6 Nc4 37. Rf6 Rxb7 38. Rxf5 Rb1+ 0-1


[Site "https://www.chess.com"]

[Event "Titled Tuesday Blitz February 14 Late 2023"]
[White "Mendez Machado, Andre"]
[Black "Balog, Imre"]
[WhiteFideId "6603793"]
[BlackFideId "728446"]
[WhiteElo "1974"]
[BlackElo "2615"]
[Result "0-1"]
[Round "05"]
[TimeControl "180+2"]
[Date "2023.02.14"]
[WhiteClock "0:00:18"]
[BlackClock "0:00:16"]

1. e4 c5 2. Nc3 Nc6 3. Bb5 e6 4. Bxc6 bxc6 5. d3 Ne7 6. f4 d5 7. Nf3 Ng6 8. O-O Be7 9. Qe1 O-O 10. b3 Bf6 11. e5 Be7 12. Ba3 Nxf4 13. Na4 f6 14. Bxc5 Bxc5+ 15. Nxc5 fxe5 16. Nxe5 Qg5 17. g3 Nh3+ 18. Kg2 Rxf1 19. Qxf1 Qxe5 20. Kxh3 Qh5+ 21. Kg2 e5 22. Kg1 Bh3 23. Qd1 Bg4 24. Qe1 Rf8 25. Qxe5 Qxe5 0-1


[Site "https://www.chess.com"]